 Dungeon Crawl Stone Soup version 0.30-a0-557-ge2afbf3030 (webtiles) character file.

Game seed: 17620713047513219014

7679 arthad the Geomancer (level 11, -4/54 HPs)
             Began as a Gargoyle Earth Elementalist on Dec 28, 2022.
             Was an Elder of Sif Muna.
             Slain by a slime creature (9 damage)
             ... on level 9 of the Dungeon.
             The game lasted 00:22:52 (8707 turns).

arthad the Geomancer (Gargoyle Earth Elementalist)  Turns: 8707, Time: 00:22:52

Health: -4/54      AC: 26    Str: 12    XL:     11   Next: 19%
Magic:  28/28      EV:  9    Int: 20    God:    Sif Muna [****..]
Gold:   557        SH:  8    Dex: 10    Spells: 19/23 levels left

rFire   + . .      SeeInvis +    m - staff of conjuration
rCold   + + .      Faith    .    i - +3 buckler
rNeg    + . .      Spirit   .    x - +7 Kryia's mail coat {PotionHeal*2 rC+}
rPois   ∞          Reflect  .    e - +1 hat
rElec   +          Harm     .    (no cloak)
rCorr   +          Rampage  +    w - +2 pair of gloves of Infinity {Rampage}
Will    .....                    (no boots)
Stlth   ++                       H - amulet of magic regeneration
HPRegen 0.29/turn                a - ring of magical power
MPRegen 0.61/turn                L - ring of see invisible

@: mighty, brilliant, resistant, attractive, flying, invisible, unable to drink
A: sickness immunity, AC +8, negative energy resistance 1, electricity
resistance, torment resistance 1, petrification resistance, talons 1, low MP 1,
inability to drink after injury 1
a: Renounce Religion, Channel Magic, Forget Spell, Divine Exegesis


You were on level 9 of the Dungeon.
You worshipped Sif Muna.
Sif Muna was greatly pleased with you.
You visited 2 branches of the dungeon, and saw 10 of its levels.
You also visited: Bailey.

You collected 557 gold pieces.

Inventory:

Hand Weapons
 j - a +1 dagger of electrocution
 n - the +5 spear of Punishment {spect, Str+5}
   (You found it on level 9 of the Dungeon)

   When its wielder attacks, the weapon's spirit leaps out and strikes again.
   The spirit shares a part of any damage it takes with its wielder.
   Str:       It affects your strength (+5).
 B - a +0 hand axe of electrocution
 J - a +2 broad axe of flaming
Missiles
 y - 29 poisoned darts
 N - 2 curare-tipped darts
Armour
 e - a +1 hat (worn)
 i - a +3 buckler (worn)
 w - the +2 pair of gloves of Infinity (worn) {Rampage}
   (You found it on level 7 of the Dungeon)

   Rampage:   It bestows one free step when moving towards enemies.
 x - the +7 Kryia's mail coat (worn) {PotionHeal*2 rC+}
   (You found it on level 2 of the Dungeon)

   Potions are twice as effective at healing its wearer.
   rC:        It protects you from cold.
 E - the +0 robe of Qazlal's Reproof {Drain Regen+ Dex+2}
   (You took it off an orc wizard on level 4 of the Dungeon)

   Dex:       It affects your dexterity (+2).
   Regen:     It increases your rate of health regeneration.
   Drain:     It drains your maximum health when unequipped.
 K - +0 acid dragon scales
Magical Staves
 m - a staff of conjuration (weapon)
Jewellery
 a - a ring of magical power (left hand)
 H - an amulet of magic regeneration (around neck)
 L - a ring of see invisible (right hand)
Wands
 s - a wand of mindburst (14)
 G - a wand of iceblast (8)
 O - a wand of flame (11)
 Q - a wand of paralysis (4)
Scrolls
 d - a scroll of noise
 f - 7 scrolls of teleportation
 g - a scroll of silence
 k - 2 scrolls of enchant armour
 o - a scroll of fog
 r - a scroll of amnesia
 u - 4 scrolls of immolation
 C - a scroll of vulnerability
 P - a scroll of identify
 R - a scroll of magic mapping
Potions
 b - 4 potions of magic
 c - 2 potions of lignification
 h - 6 potions of haste
 l - 3 potions of cancellation
 p - a potion of curing
 t - a potion of resistance
 v - 3 potions of attraction
 z - 2 potions of invisibility
 A - 2 potions of flight
 F - 3 potions of might
 I - a potion of mutation
 M - 4 potions of heal wounds


   Skills:
 + Level 5.1 Armour
 + Level 4.3 Dodging
 * Level 8.9 Stealth
 + Level 5.3 Shields
 * Level 6.7 Spellcasting
 * Level 7.0 Conjurations
 - Level 0.7 Transmutations
 * Level 9.2 Earth Magic
 + Level 4.7 Invocations


You had 19 spell levels left.
You knew the following spells:

 Your Spells              Type           Power      Damage    Failure   Level
a - Sandblast             Erth           100%       2d20      1%          1
b - Stone Arrow           Conj/Erth      100%       3d13      6%          3

Your spell library contained the following spells:

 Spells                   Type           Power      Damage    Failure   Level
 Passwall                 Tmut/Erth      33%        N/A       11%         2
 Kiss of Death            Conj/Necr      100%       2d13      14%         1
 Apportation              Tloc           20%        N/A       50%         1
 Necrotise                Necr           40%        1d6       50%         1
 Summon Small Mammal      Summ           40%        N/A       50%         1
 Petrify                  Tmut/Erth      40%        N/A       58%         4
 Flame Wave               Conj/Fire      46%        2d12      80%         4
 Sticky Flame             Conj/Fire      46%        2d6       80%         4
 Confusing Touch          Hex            10%        N/A       86%         3
 Inner Flame              Hex/Fire       10%        N/A       86%         3
 Dispel Undead            Necr           10%        3d9       99%         4


Dungeon Overview and Level Annotations

Branches:
Dungeon (9/15)             Temple (1/1) D:4            Lair (0/5) D:9
 Bailey (visited)
    Orc: D:9-12

Altars:
Ashenzari
Cheibriados
Dithmenos
Fedhas
Gozag
Hepliaklqana
Kikubaaqudgha
Makhleb
Nemelex Xobeh
Okawaru
Qazlal
Ru
Sif Muna
Trog
Uskayaw
Vehumet
Wu Jian
Xom
Yredelemnul
Zin
The Shining One


Innate Abilities, Weirdness & Mutations

You are immune to sickness and miasma.
Your stone body is resilient. (AC +8)
You are immune to poison.
You resist negative energy. (rN+)
You are resistant to electric shocks. (rElec)
You are resistant to unholy torment.
You are immune to petrification.
You have sharp toenails.
Your magical capacity is low. (-10% MP)
You occasionally lose the ability to drink potions when taking damage.


Message History

The two-headed ogre closely misses you.
The two-headed ogre hits you with a +0 giant club.
* * * LOW HITPOINT WARNING * * *
The slime creature hits you but does no damage.
Unknown command.
As you read the scroll of fear, it crumbles to dust.
You assume a fearsome visage.
The two-headed ogre looks frightened!
The slime creature looks frightened!
Okay, then.
Okay, then.
It was a potion of brilliance.
You feel clever all of a sudden.
It was a potion of attraction.
You feel attractive to monsters.
The two-headed ogre is attracted toward you.
The slime creature is attracted toward you.
It was a potion of resistance.
You feel protected.
The slime creature seems to regain its courage.
The slime creature hits you but does no damage.
The two-headed ogre is attracted toward you.
It was a potion of invisibility.
You fade into invisibility!
The slime creature completely misses you.
The two-headed ogre is attracted toward you.
It was a potion of flight.
You feel very buoyant.
You fly up into the air.
The slime creature closely misses you.
The two-headed ogre is attracted toward you.
It was a potion of might.
You feel very mighty all of a sudden.
The slime creature hits you but does no damage.
The two-headed ogre is attracted toward you.
It was a potion of mutation.
You feel extremely strange.
You feel less energetic.
You occasionally lose the ability to drink potions when taking damage.
Your toenails lengthen and sharpen.
The slime creature hits you!
You feel threatened and lose the ability to drink potions!
You die...

,,,,*,,#....+...#.#,,*......##...
,,**####....#####.#..#####..#....
,,*.............#.#..# *#..,#....
,,*.............#.#..###...##....
,,#.............#.#..#.....#.....
,,#...........†.###.......##.....
,,##....####..)...#....,###......
,,,#....* #......#..####.......#
,,,+....* #....@.#'##..........#
,,,*..,,* #....J.O.............#
,,,*,,,,* #......#############.#
*+**,,,,***#..............,,#.#..
,,,,,,,,,,*####....##########.#..
,,,,,,,,,,*,,,#....#..........#..
,,,,,,,,,,*,,,#....#..........#..
,,,,,,,,,,+,,,#....#..........#..
,,,,,,,,,,*,,,#....#..........#..


You could see a slime creature (unable to see you) and a two-headed ogre (unable
to see you, fleeing).

Vanquished Creatures
  A two-headed ogre (D:9)
  Pikel (D:5)
  An orc knight (Bailey)
  Maggie (D:6)
  2 trolls
  Prince Ribbit (D:5)
  Eustachio (D:4)
  A wyvern (D:8)
  7 yaks
  A steam dragon (D:9)
  Menkaure (D:4)
  Duvessa (D:6)
  A sky beast (D:7)
  3 ogres
  A lemure (D:5)
  3 phantoms
  3 kobold brigands
  5 bullfrogs
  3 necrophages
  3 scorpions
  Dowan (D:6)
  6 wights
  16 killer bees
  12 howler monkeys
  A hound (D:3)
  A gnoll bouda (D:8)
  5 orc priests
  A jelly (D:5)
  3 iguanas
  5 orc wizards
  10 adders
  11 gnolls
  2 white imps
  4 ufetubi
  A worm (D:5)
  2 dart slugs
  37 orcs
  6 endoplasms
  3 giant cockroaches
  10 hobgoblins
  6 jackals
  18 kobolds
  8 quokkas
  7 ball pythons
  6 bats
  4 frilled lizards
  4 goblins
  2 rats (D:1)
233 creatures vanquished.

Notes
Turn   | Place    | Note
-------+----------+-------------------------------------------
     0 | D:1      | arthad the Gargoyle Earth Elementalist began the quest for
                  | the Orb.
     0 | D:1      | Reached XP level 1. HP: 10/10 MP: 3/3
    50 | D:1      | Found a faded altar of an unknown god.
   280 | D:1      | Reached XP level 2. HP: 15/15 MP: 3/5
   369 | D:1      | Reached skill level 4 in Earth Magic
   857 | D:2      | Reached XP level 3. HP: 15/19 MP: 3/6
   863 | D:2      | Learned a level 3 spell: Stone Arrow
  1178 | D:2      | Reached skill level 1 in Shields
  1178 | D:2      | Reached XP level 4. HP: 24/24 MP: 2/7
  1618 | D:2      | Found the +7 Kryia's mail coat {PotionHeal*2 rC+}
  2180 | D:3      | Reached XP level 5. HP: 28/28 MP: 6/9
  2772 | D:4      | Noticed a phantom
  2781 | D:4      | Killed a phantom
  2782 | D:4      | Reached skill level 1 in Armour
  2782 | D:4      | Reached XP level 6. HP: 29/32 MP: 1/10
  2874 | D:4      | Reached skill level 5 in Earth Magic
  2966 | D:4      | Found a staircase to the Ecumenical Temple.
  2976 | Temple   | Entered the Ecumenical Temple
  3288 | Temple   | Became a worshipper of Sif Muna the Loreminder
  3349 | D:4      | Noticed Eustachio
  3353 | D:4      | Noticed Menkaure
  3379 | D:4      | Killed Menkaure
  3380 | D:4      | Reached skill level 1 in Conjurations
  3386 | D:4      | Killed Eustachio
  3387 | D:4      | Reached skill level 1 in Invocations
  3387 | D:4      | Reached XP level 7. HP: 28/36 MP: 0/12
  3532 | D:4      | Identified the +0 robe of Qazlal's Reproof {Drain Regen+
                  | Dex+2}
  3684 | D:4      | Reached skill level 5 in Stealth
  3792 | D:4      | Found a blossoming altar of Fedhas.
  4018 | D:5      | Entered Level 5 of the Dungeon
  4157 | D:5      | Reached XP level 8. HP: 41/41 MP: 10/14
  4260 | D:5      | Reached skill level 6 in Earth Magic
  4423 | D:5      | Reached * piety under Sif Muna
  4667 | D:5      | Noticed Pikel
  4687 | D:5      | Killed Pikel
  4692 | D:5      | Reached XP level 9. HP: 36/45 MP: 0/16
  4878 | D:5      | Noticed Prince Ribbit
  4881 | D:5      | Killed Prince Ribbit
  4882 | D:5      | Reached skill level 7 in Earth Magic
  5301 | D:6      | Reached skill level 5 in Spellcasting
  5350 | D:6      | Noticed Maggie
  5423 | D:6      | Killed Maggie
  5485 | D:6      | Noticed Duvessa
  5494 | D:6      | Noticed Dowan
  5502 | D:6      | Killed Duvessa
  5510 | D:6      | Killed Dowan
  5612 | D:6      | Reached skill level 5 in Conjurations
  6102 | D:7      | Reached ** piety under Sif Muna
  6105 | D:7      | Reached XP level 10. HP: 43/50 MP: 10/18
  6115 | D:7      | Reached skill level 8 in Earth Magic
  6261 | D:7      | Found a shimmering altar of Xom.
  6305 | D:7      | Identified the +2 pair of gloves of Infinity {Rampage}
  7171 | D:8      | Reached *** piety under Sif Muna
  7648 | D:9      | Found a flagged portal.
  7656 | D:9      | Identified the +5 spear of Punishment {spect, Str+5}
  7660 | Bailey   | Entered a bailey
  7797 | Bailey   | Noticed an orc knight
  7804 | Bailey   | Killed an orc knight
  8186 | D:9      | Reached skill level 5 in Shields
  8318 | D:9      | Reached **** piety under Sif Muna
  8417 | D:9      | Found a radiant altar of Vehumet.
  8454 | D:9      | Found a staircase to the Lair.
  8557 | D:9      | Reached skill level 9 in Earth Magic
  8557 | D:9      | Reached XP level 11. HP: 49/54 MP: 20/20
  8561 | D:9      | Reached skill level 5 in Armour
  8653 | D:9      | Noticed a two-headed ogre
  8664 | D:9      | Killed a two-headed ogre
  8693 | D:9      | Noticed a two-headed ogre
  8707 | D:9      | Gained mutation: Your magical capacity is low. (-10% MP)
                  | [potion of mutation]
  8707 | D:9      | Gained mutation: You occasionally lose the ability to drink
                  | potions when taking damage. [potion of mutation]
  8707 | D:9      | Gained mutation: You have sharp toenails. [potion of
                  | mutation]
  8707 | D:9      | Slain by a slime creature

Illustrated notes

Levels and vault maps discovered:
D:1:      dpeg_arrival_more_subterranean_lakeside_camping, layout_basic,
          ebering_ecumenical_altar_sacrificial, minmay_vboxes
D:2:      layout_loops_ring
D:3:      layout_loops_ring
D:4:      layout_rooms, fedhas_ov_isle_minmay, temple_hall,
          kennysheep_generic_room_4, uniq_eustachio, uniq_menkaure
D:5:      kennysheep_six_static_rooms, layout_basic, kennysheep_potato,
          uniq_pikel, uniq_prince_ribbit1
D:6:      layout_rooms, uniq_duvessa, uniq_maggie
D:7:      layout_basic, mainiacjoe_overflow_brackets
D:8:      layout_rooms
D:9:      minmay_quarter_circles, layout_gridville, vehumet_altar_wand_db,
          enter_bailey_2
Temple:   hc_temple_tempest_star

Skill      XL: |  1  2  3  4  5  6  7  8  9 10 11 |
---------------+----------------------------------+-----
Earth Magic    | 4 5 6 7 9 |  9.2
Stealth        | 3 4 5 6 7 8 |  8.9
Shields        | 1 2 3 4 5 |  5.3
Dodging        | 2 3 4 |  4.3
Armour         | 1 2 3 4 5 |  5.1
Spellcasting   | 3 4 5 6 |  6.7
Conjurations   | 1 2 3 5 6 7 |  7.0
Invocations    | 1 2 3 4 |  4.7
Transmutations | |  0.7

Action                   |  1- 3 |  4- 6 |  7- 9 | 10-12 || total
-------------------------+-------+-------+-------+-------++-------
Melee: Unarmed           |    31 |       |       |       ||    31
       Punch             |     1 |       |       |       ||     1
       Dagger            |       |     1 |       |       ||     1
       Hand axe          |       |    14 |    17 |       ||    31
       Staff             |       |       |       |     4 ||     4
       Broad axe         |       |       |       |     2 ||     2
Throw: Dart              |       |     3 |       |       ||     3
 Cast: Sandblast         |    42 |    74 |   167 |   177 ||   460
       Stone Arrow       |       |       |       |    14 ||    14
Evoke: Wand              |       |       |     1 |       ||     1
  Use: Potion            |       |       |     3 |     7 ||    10
       Scroll            |       |       |    11 |     8 ||    19
Armor: Robe              |    19 |       |       |       ||    19
       Scale mail        |       |    65 |    74 |    80 ||   219
Dodge: Dodged            |    27 |    34 |    46 |    56 ||   163
Block: Buckler           |     1 |    23 |    48 |    52 ||   124

Table legend: (Time is in decaauts)
 A = Elapsed time spent in this place.
 B = Non-inter-level travel time spent in this place.
 C = Inter-level travel time spent in this place.
 D = Time resting spent in this place.
 E = Time spent auto-exploring this place.
 F = Levels seen in this place.
 G = Mean time per level.
                   A        B        C        D        E       F      G
               +--------+--------+--------+--------+--------+-----+--------+
         Total |   8949 |   8710 |    239 |    231 |   6803 |  11 |  813.5 |
       Dungeon |   8138 |   7926 |    212 |    231 |   6172 |   9 |  904.2 |
        Temple |    339 |    312 |     27 |      0 |    278 |   1 |  339.0 |
        Bailey |    471 |    471 |      0 |      0 |    353 |   1 |  471.0 |
               +--------+--------+--------+--------+--------+-----+--------+

Top non-repeatable levels by time:
     D:5: 1362 daAuts
     D:3: 1035 daAuts
     D:4: 998 daAuts
     D:2: 904 daAuts
     D:1: 817 daAuts
     D:7: 790 daAuts
     D:6: 786 daAuts
     D:8: 775 daAuts
     D:9: 666 daAuts
  Bailey: 471 daAuts
  Temple: 339 daAuts
